 Dungeon Crawl Stone Soup version 0.26-a0-812-g31a745ddcd (webtiles) character file.

Game seed: 6942200092329442715

6072 SmoothBrain the Magician (level 10, -9/76 HPs)
             Began as a Gnoll Venom Mage on Nov 13, 2020.
             Was a Follower of Ashenzari.
             Mangled by a death yak (13 damage)
             ... on level 9 of the Dungeon.
             The game lasted 00:56:07 (13272 turns).

SmoothBrain the Magician (Gnoll Venom Mage)        Turns: 13272, Time: 00:56:08

Health: -9/76      AC:  8    Str: 10    XL:     10   Next: 87%
Magic:  12/21      EV: 14    Int: 28    God:    Ashenzari [*.....]
Gold:   555        SH:  0    Dex: 15    Spells: 11/24 levels left

rFire    . . .     SeeInvis .   K - +2 war axe (freeze) (curse)
rCold    + . .     Faith    .   G - +0 kite shield (curse)
rNeg     . . .     Spirit   .   h - +0 leather armour (curse)
rPois    .         Reflect  .   L - +2 helmet (curse)
rElec    .         Harm     .   t - scarf {+Inv} (curse)
rCorr    .         Rampage  .   (no gloves)
MR       .....                  R - +0 pair of boots
Stlth    +.........             (no amulet)
HPRegen  0.22/turn              o - ring of protection from cold (curse)
MPRegen  0.17/turn              A - +6 ring of intelligence (curse)

@: confused
A: distributed training, fangs 1, strong nose
a: Curse Item, Scrying, Renounce Religion, Evoke Invisibility


You were on level 9 of the Dungeon.
You worshipped Ashenzari.
Ashenzari was aware of your devotion.
You visited 2 branches of the dungeon, and saw 10 of its levels.

You collected 555 gold pieces.


Innate Abilities, Weirdness & Mutations

Your experience applies equally to all skills.
You have very sharp teeth.
Your uncanny sense of smell can sniff out nearby items.


   Skills:
 + Level 5.7 Fighting
 + Level 5.7 Short Blades
 + Level 5.7 Long Blades
 + Level 5.7 Axes
 + Level 5.7 Maces & Flails
 + Level 5.7 Polearms
 + Level 5.7 Staves
 + Level 5.7 Slings
 + Level 5.7 Bows
 + Level 5.7 Crossbows
 + Level 5.7 Throwing
 + Level 5.7 Armour
 + Level 7.4 Dodging
 + Level 7.1 Stealth
 + Level 5.7 Shields
 + Level 5.7 Unarmed Combat
 + Level 7.6 Spellcasting
 + Level 4.7 Conjurations
 + Level 4.7 Hexes
 + Level 4.7 Summonings
 + Level 4.7 Necromancy
 + Level 4.7 Translocations
 + Level 5.2 Transmutations
 + Level 4.7 Fire Magic
 + Level 4.7 Ice Magic
 + Level 4.7 Air Magic
 + Level 4.7 Earth Magic
 + Level 7.3 Poison Magic
 + Level 6.2 Invocations
 + Level 5.7 Evocations


You had 11 spell levels left.
You knew the following spells:

 Your Spells              Type           Power        Failure   Level
a - Sting                 Tmut/Pois      ####         1%          1
b - Poisonous Vapours     Pois/Air       #####.       2%          2
c - Ignite Poison         Fire/Tmut/Pois #####...     6%          3
d - Mephitic Cloud        Conj/Pois/Air  #####...     7%          3
e - Call Imp              Summ           #####...     4%          2
B - Blink                 Tloc           N/A          4%          2

Your spell library contained the following spells:

 Spells                   Type           Power        Failure   Level
 Magic Dart               Conj           ####         3%          1
 Slow                     Hex            #####...     4%          2
 Conjure Flame            Conj/Fire      #####...     10%         3
 Olgreb's Toxic Radiance  Pois           ######..     11%         4


Dungeon Overview and Level Annotations

Branches:
Dungeon (9/15)             Temple (1/1) D:7            Lair (0/6) D:9
    Orc: D:9-12

Altars:
Ashenzari
Cheibriados
Dithmenos
Elyvilon
Fedhas
Gozag
Hepliaklqana
Kikubaaqudgha
Makhleb
Nemelex Xobeh
Okawaru
Qazlal
Ru
Sif Muna
Trog
Uskayaw
Vehumet
Wu Jian
Xom
Yredelemnul
Zin
The Shining One

Shops:
D:7 :

Annotations:
D:4 exclusion: statue
D:5 3 runed translucent doors, Queen's ghost, amateur HOMo; Yendr0's ghost, novice DDFi; p0werm0de's ghost, amateur GrFi

Inventory:

Hand Weapons
 K - a cursed +2 war axe of freezing (weapon)
   (You found it on level 7 of the Dungeon)
 M - a +0 dagger of venom {hi simm i fixed it}
   (You took it off an orc wizard on level 8 of the Dungeon)
Missiles
 d - 2 javelins (quivered)
 e - 40 poisoned darts
 y - 8 atropa-tipped darts
Armour
 h - a cursed +0 leather armour (worn)
 i - a +0 hat
 t - a cursed scarf of invisibility (worn)
   (You found it on level 3 of the Dungeon)
 G - a cursed +0 kite shield (worn)
 L - a cursed +2 helmet (worn)
 R - a +0 pair of boots (worn)
Jewellery
 o - a cursed ring of protection from cold (left hand)
 A - a cursed +6 ring of intelligence (right hand)
 C - a cursed ring of attention
Wands
 I - a wand of flame (8)
 Q - a wand of polymorph (8)
Scrolls
 c - 3 scrolls of magic mapping
 k - 2 scrolls of enchant weapon {unknown}
 m - 3 scrolls of teleportation {@r4}
 q - a scroll of amnesia {unknown}
 r - 6 scrolls of immolation {!r}
 s - a scroll of fog {unknown}
 u - a scroll of blinking {unknown}
 x - a scroll of noise {unknown}
 D - a scroll of vulnerability {unknown}
 E - a scroll of enchant armour {unknown}
 F - a scroll of random uselessness {unknown}
 H - 2 scrolls of torment {unknown}
 N - a scroll of brand weapon {unknown}
 P - a scroll of remove curse {@r8}
Potions
 a - 3 potions of curing {unknown}
 b - 2 potions of lignification {!q}
 j - 2 potions of flight
 n - 2 potions of invisibility {unknown}
 p - a potion of magic
 w - a potion of berserk rage {unknown}
 z - a potion of degeneration {unknown}
 J - 2 potions of brilliance {unknown}
 O - a potion of haste {unknown}

####.........#Y#.#...#{ #...
#########.#.#.###.#########.##
############.#.#.................
.............#.#####.#########.##
##..............................#
#.................#Y...........#
#######################........#
{ ### #.###........# # { ###
####@####.##Y.......# . #.#
#.###Y###.##.........
#.##.###.##.##.##)#......... .#
#.#.#.#.#.#)#.#.#.#........#
.#..#..#..#..#.Y#..#...........#
..#...#...#...#...#...#....##.##
....#....#....#..Y.#......##.##
.#.....#.....#...(%#...#'####.##
...#......#......#(....#.# #.##


You could see a death yak (confused).


Message History

Casting: Blink (safe; 4% risk of failure)
You feel jittery for a moment. You block the death yak's attack.
You hit the death yak. You freeze the death yak.
The death yak is moderately wounded.
The death yak gores you.
* * * LOW HITPOINT WARNING * * *
The death yak closely misses you.
Casting: Blink (safe; 4% risk of failure)
You feel jittery for a moment. The death yak gores you!
* * * LOW HITPOINT WARNING * * *
Your magical contamination has completely faded away.
You feel much better. You block the death yak's attack.
You feel much better. The death yak barely misses you.
Casting: Blink (safe; 4% risk of failure)
You don't know that spell.
Casting: Blink (safe; 4% risk of failure)
Okay, then.
Casting: Blink (safe; 4% risk of failure)
Aiming: Mephitic Cloud (dangerous; 7% risk of failure)
Aim: a death yak (moderately wounded) That beam is likely to hit you.
Continue anyway?
The ball explodes into a vile cloud!
The stinking cloud engulfs the death yak but does no damage.
The death yak is moderately wounded.
The stinking cloud engulfs you but does no damage.
You are engulfed in noxious fumes.
You choke on the stench!
You are confused.
The death yak is engulfed in noxious fumes.
The death yak closely misses you.
Unknown command.
Unknown command.
You are too confused!
Okay, then.
You bump into the rock wall.
You are engulfed in noxious fumes.
You choke on the stench!
You are more confused.
The death yak is engulfed in noxious fumes.
The death yak gores you!!
You slash the death yak! You freeze the death yak.
The death yak is moderately wounded.
You are engulfed in noxious fumes.
The death yak is engulfed in noxious fumes.
The death yak gores you!!
* * * LOW HITPOINT WARNING * * *
Unknown command.
You hit the death yak. You freeze the death yak.
The death yak is heavily wounded.
You are engulfed in noxious fumes.
You choke on the stench!
You are more confused.
* * * LOW HITPOINT WARNING * * *
The death yak is engulfed in noxious fumes.
The death yak gores you!!
* * * LOW HITPOINT WARNING * * *
You barely miss the death yak.
The death yak is heavily wounded.
You are engulfed in noxious fumes.
You choke on the stench!
You are more confused.
* * * LOW HITPOINT WARNING * * *
The death yak is engulfed in noxious fumes.
The death yak appears confused.
The death yak misses you.
The death yak is engulfed in noxious fumes.
The death yak appears confused.
The death yak closely misses you.
Okay, then.
You're too confused to cast spells.
You hit the death yak but do no damage.
The death yak is heavily wounded.
You are engulfed in noxious fumes.
* * * LOW HITPOINT WARNING * * *
The death yak gores you!
You die...

Action                   |  1- 3 |  4- 6 |  7- 9 | 10-12 || total
-------------------------+-------+-------+-------+-------++-------
Melee: Whip              |       |     9 |    30 |       ||    39
       Bite              |       |     1 |     8 |    14 ||    23
       Punch             |       |     1 |       |       ||     1
       Dire flail        |       |       |    39 |       ||    39
       War axe           |       |       |     2 |   114 ||   116
 Cast: Sting             |    65 |   109 |   163 |    22 ||   359
       Poisonous Vapours |     2 |     4 |     7 |     6 ||    19
       Mephitic Cloud    |       |     3 |    23 |    15 ||    41
       Ignite Poison     |       |     4 |    33 |    17 ||    54
       Call Imp          |       |     2 |       |     3 ||     5
       Blink             |       |       |       |     9 ||     9
Invok: Curse Item        |       |       |     7 |     1 ||     8
  Use: Scroll            |       |       |       |     8 ||     8
       Potion            |       |       |       |     4 ||     4
 Stab: Sleeping          |       |       |     2 |     6 ||     8
       Confused          |       |       |       |     4 ||     4
Armor: Robe              |     3 |       |       |       ||     3
       Leather armour    |     2 |     7 |    20 |    14 ||    43
Dodge: Dodged            |    21 |    27 |   161 |    97 ||   306
Block: Kite shield       |       |       |    11 |    62 ||    73

Levels and vault maps discovered:
D:1:      dpeg_arrival_pond, layout_loops_ring, serial_bayou_pond_d,
          moated_statue
D:2:      layout_loops_ring, lemuel_round_altar,
          chequers_ecumenical_altar_simple_redux, kennysheep_another_room,
          makhleb_heckhound_becter
D:3:      layout_basic, nicolae_ru_sacrificial_ziggurat
D:4:      layout_cave_pools, zin_statuary, vehumet_statue, feat_on_display
D:5:      layout_loops_cross, gammafunk_ghost_cemetery, sigmund_edmund_badplayer
D:6:      layout_loops_ring, grunt_temple_overflow_open, xom_teletrap_fun,
          uniq_prince_ribbit1
D:7:      layout_basic, lemuel_blue_sif_altar, minmay_temple_entry_tees,
          serial_shops, nicolae_shop_statue_plus
D:8:      layout_layer_cave, lemuel_doored_altar,
          nicolae_overflow_crystal_walls, ebering_ghost_rock_garden,
          nicolae_ossuary_entry_monument
D:9:      minmay_sliced_demisemicircle, layout_basic, slow_altar_2,
          dpeg_lair_monsters, nicolae_zen_rock_garden, minmay_increasing_density
Temple:   jpeg_temple_island

Notes
Turn   | Place    | Note
-------+----------+-------------------------------------------
     0 | D:1      | SmoothBrain the Gnoll Venom Mage began the quest for the
                  | Orb.
     0 | D:1      | Reached XP level 1. HP: 13/13 MP: 6/6
    47 | D:1      | Reached skill level 2 in Transmutations
    95 | D:1      | Reached XP level 2. HP: 19/19 MP: 5/7
   103 | D:1      | Learned a level 2 spell: Poisonous Vapours
   472 | D:1      | Reached XP level 3. HP: 25/25 MP: 6/9
   480 | D:1      | Reached skill level 5 in Spellcasting
   859 | D:1      | Reached skill level 1 in Invocations
   906 | D:1      | Learned a level 3 spell: Ignite Poison
   910 | D:1      | Learned a level 3 spell: Mephitic Cloud
  1262 | D:2      | Reached skill level 1 in Fighting
  1262 | D:2      | Reached skill level 1 in Short Blades
  1262 | D:2      | Reached skill level 1 in Long Blades
  1262 | D:2      | Reached skill level 1 in Axes
  1262 | D:2      | Reached skill level 1 in Maces & Flails
  1262 | D:2      | Reached skill level 1 in Polearms
  1262 | D:2      | Reached skill level 1 in Staves
  1262 | D:2      | Reached skill level 1 in Slings
  1262 | D:2      | Reached skill level 1 in Bows
  1262 | D:2      | Reached skill level 1 in Crossbows
  1262 | D:2      | Reached skill level 1 in Throwing
  1262 | D:2      | Reached skill level 1 in Armour
  1262 | D:2      | Reached skill level 1 in Shields
  1262 | D:2      | Reached skill level 1 in Unarmed Combat
  1262 | D:2      | Reached skill level 1 in Evocations
  1527 | D:2      | Reached XP level 4. HP: 32/32 MP: 3/11
  1599 | D:2      | Found an opulent altar of Gozag.
  1857 | D:2      | Found a faded altar of an unknown god.
  1911 | D:2      | Found a burning altar of Makhleb.
  1920 | D:2      | Reached skill level 1 in Conjurations
  1920 | D:2      | Reached skill level 1 in Hexes
  1920 | D:2      | Reached skill level 1 in Summonings
  1920 | D:2      | Reached skill level 1 in Necromancy
  1920 | D:2      | Reached skill level 1 in Translocations
  1920 | D:2      | Reached skill level 1 in Fire Magic
  1920 | D:2      | Reached skill level 1 in Ice Magic
  1920 | D:2      | Reached skill level 1 in Air Magic
  1920 | D:2      | Reached skill level 1 in Earth Magic
  2322 | D:3      | Learned a level 2 spell: Blink
  2325 | D:3      | Learned a level 2 spell: Call Imp
  2348 | D:3      | Found a sacrificial altar of Ru.
  2630 | D:3      | Reached XP level 5. HP: 37/37 MP: 0/12
  3822 | D:4      | Reached XP level 6. HP: 44/44 MP: 7/13
  3824 | D:4      | Reached skill level 2 in Invocations
  3937 | D:4      | Found a radiant altar of Vehumet.
  3963 | D:4      | Found a glowing silver altar of Zin.
  4104 | D:4      | Reached skill level 2 in Fighting
  4104 | D:4      | Reached skill level 2 in Short Blades
  4104 | D:4      | Reached skill level 2 in Long Blades
  4104 | D:4      | Reached skill level 2 in Axes
  4104 | D:4      | Reached skill level 2 in Maces & Flails
  4104 | D:4      | Reached skill level 2 in Polearms
  4104 | D:4      | Reached skill level 2 in Staves
  4104 | D:4      | Reached skill level 2 in Slings
  4104 | D:4      | Reached skill level 2 in Bows
  4104 | D:4      | Reached skill level 2 in Crossbows
  4104 | D:4      | Reached skill level 2 in Throwing
  4104 | D:4      | Reached skill level 2 in Armour
  4104 | D:4      | Reached skill level 5 in Dodging
  4104 | D:4      | Reached skill level 2 in Shields
  4104 | D:4      | Reached skill level 2 in Unarmed Combat
  4104 | D:4      | Reached skill level 2 in Evocations
  4679 | D:5      | Entered Level 5 of the Dungeon
  4694 | D:5      | Reached XP level 7. HP: 50/50 MP: 6/15
  5275 | D:5      | Found a runed translucent gate.
  5275 | D:5      | Found a runed translucent gate.
  5275 | D:5      | Found a runed translucent gate.
  5276 | D:5      | Noticed p0werm0de's ghost (amateur GrFi)
  5287 | D:5      | Reached skill level 2 in Conjurations
  5287 | D:5      | Reached skill level 2 in Hexes
  5287 | D:5      | Reached skill level 2 in Summonings
  5287 | D:5      | Reached skill level 2 in Necromancy
  5287 | D:5      | Reached skill level 2 in Translocations
  5287 | D:5      | Reached skill level 3 in Transmutations
  5287 | D:5      | Reached skill level 2 in Fire Magic
  5287 | D:5      | Reached skill level 2 in Ice Magic
  5287 | D:5      | Reached skill level 2 in Air Magic
  5287 | D:5      | Reached skill level 2 in Earth Magic
  5347 | D:5      | Noticed Queen's ghost (amateur HOMo)
  5347 | D:5      | Noticed Yendr0's ghost (novice DDFi)
  5407 | D:5      | Reached skill level 5 in Stealth
  5646 | D:5      | Reached skill level 3 in Invocations
  5802 | D:5      | Reached skill level 6 in Poison Magic
  5802 | D:5      | Reached XP level 8. HP: 57/57 MP: 8/16
  5944 | D:5      | Noticed Sigmund
  5944 | D:5      | Noticed Edmund
  5948 | D:5      | Killed Sigmund
  5948 | D:5      | Reached skill level 3 in Fighting
  5948 | D:5      | Reached skill level 3 in Short Blades
  5948 | D:5      | Reached skill level 3 in Long Blades
  5948 | D:5      | Reached skill level 3 in Axes
  5948 | D:5      | Reached skill level 3 in Maces & Flails
  5948 | D:5      | Reached skill level 3 in Polearms
  5948 | D:5      | Reached skill level 3 in Staves
  5948 | D:5      | Reached skill level 3 in Slings
  5948 | D:5      | Reached skill level 3 in Bows
  5948 | D:5      | Reached skill level 3 in Crossbows
  5948 | D:5      | Reached skill level 3 in Throwing
  5948 | D:5      | Reached skill level 3 in Armour
  5948 | D:5      | Reached skill level 3 in Shields
  5948 | D:5      | Reached skill level 3 in Unarmed Combat
  5948 | D:5      | Reached skill level 3 in Evocations
  5966 | D:5      | Killed Edmund
  5966 | D:5      | Reached skill level 6 in Spellcasting
  6436 | D:6      | Found a shimmering altar of Xom.
  6481 | D:6      | Reached skill level 4 in Invocations
  6495 | D:6      | Reached skill level 3 in Conjurations
  6495 | D:6      | Reached skill level 3 in Hexes
  6495 | D:6      | Reached skill level 3 in Summonings
  6495 | D:6      | Reached skill level 3 in Necromancy
  6495 | D:6      | Reached skill level 3 in Translocations
  6495 | D:6      | Reached skill level 3 in Fire Magic
  6495 | D:6      | Reached skill level 3 in Ice Magic
  6495 | D:6      | Reached skill level 3 in Air Magic
  6495 | D:6      | Reached skill level 3 in Earth Magic
  6659 | D:6      | Noticed Prince Ribbit
  6674 | D:6      | Killed Prince Ribbit
  6674 | D:6      | Reached skill level 6 in Dodging
  6674 | D:6      | Reached XP level 9. HP: 63/65 MP: 5/18
  7139 | D:6      | Found a shimmering altar of Xom.
  7141 | D:6      | Found a white marble altar of Elyvilon.
  7141 | D:6      | Found a sparkling altar of Nemelex Xobeh.
  7141 | D:6      | Found a stormy altar of Qazlal.
  7142 | D:6      | Found an ornate altar of the Wu Jian Council.
  7160 | D:6      | Reached skill level 4 in Fighting
  7160 | D:6      | Reached skill level 4 in Short Blades
  7160 | D:6      | Reached skill level 4 in Long Blades
  7160 | D:6      | Reached skill level 4 in Axes
  7160 | D:6      | Reached skill level 4 in Maces & Flails
  7160 | D:6      | Reached skill level 4 in Polearms
  7160 | D:6      | Reached skill level 4 in Staves
  7160 | D:6      | Reached skill level 4 in Slings
  7160 | D:6      | Reached skill level 4 in Bows
  7160 | D:6      | Reached skill level 4 in Crossbows
  7160 | D:6      | Reached skill level 4 in Throwing
  7160 | D:6      | Reached skill level 4 in Armour
  7160 | D:6      | Reached skill level 4 in Shields
  7160 | D:6      | Reached skill level 4 in Unarmed Combat
  7160 | D:6      | Reached skill level 4 in Transmutations
  7160 | D:6      | Reached skill level 4 in Evocations
  7662 | D:6      | Reached skill level 6 in Stealth
  8684 | D:7      | Found a staircase to the Ecumenical Temple.
  8693 | Temple   | Entered the Ecumenical Temple
  9094 | D:7      | Reached skill level 5 in Invocations
  9463 | D:7      | Reached skill level 7 in Spellcasting
  9779 | D:7      | Found a shimmering blue altar of Sif Muna.
 10018 | D:7      | Found Zuukessa's Book Boutique.
 10190 | D:8      | Found a broken altar of Ashenzari.
 10200 | D:8      | Became a worshipper of Ashenzari the Shackled
 10251 | D:8      | Reached XP level 10. HP: 40/73 MP: 10/20
 10251 | D:8      | Reached skill level 4 in Conjurations
 10251 | D:8      | Reached skill level 4 in Hexes
 10251 | D:8      | Reached skill level 4 in Summonings
 10251 | D:8      | Reached skill level 4 in Necromancy
 10251 | D:8      | Reached skill level 4 in Translocations
 10251 | D:8      | Reached skill level 4 in Fire Magic
 10251 | D:8      | Reached skill level 4 in Ice Magic
 10251 | D:8      | Reached skill level 4 in Air Magic
 10251 | D:8      | Reached skill level 4 in Earth Magic
 10281 | D:8      | Found a runed translucent gate.
 10622 | D:8      | Reached skill level 5 in Fighting
 10622 | D:8      | Reached skill level 5 in Short Blades
 10622 | D:8      | Reached skill level 5 in Long Blades
 10622 | D:8      | Reached skill level 5 in Axes
 10622 | D:8      | Reached skill level 5 in Maces & Flails
 10622 | D:8      | Reached skill level 5 in Polearms
 10622 | D:8      | Reached skill level 5 in Staves
 10622 | D:8      | Reached skill level 5 in Slings
 10622 | D:8      | Reached skill level 5 in Bows
 10622 | D:8      | Reached skill level 5 in Crossbows
 10622 | D:8      | Reached skill level 5 in Throwing
 10622 | D:8      | Reached skill level 5 in Armour
 10622 | D:8      | Reached skill level 5 in Shields
 10622 | D:8      | Reached skill level 5 in Unarmed Combat
 10622 | D:8      | Reached skill level 5 in Evocations
 10757 | D:8      | Found a basalt altar of Yredelemnul.
 11178 | D:8      | Found a runed translucent gate.
 11178 | D:8      | Noticed Fastnbulbous's ghost (novice DsIE)
 11179 | D:8      | Found a runed translucent gate.
 11210 | D:8      | Reached skill level 7 in Poison Magic
 11631 | D:8      | Killed Fastnbulbous's ghost
 11631 | D:8      | Reached skill level 7 in Dodging
 12213 | D:9      | Reached skill level 5 in Transmutations
 12386 | D:9      | Reached * piety under Ashenzari
 12556 | D:9      | Reached skill level 6 in Invocations
 12749 | D:9      | Found a snail-covered altar of Cheibriados.
 12760 | D:9      | Reached skill level 7 in Stealth
 12841 | D:9      | Noticed a death yak
 12843 | D:9      | Found a staircase to the Lair.
 12843 | D:9      | Noticed a death yak
 12905 | D:9      | Killed a death yak
 13160 | D:9      | Identified the cursed +1 ring mail "Gouxagyi" {+Blink MR+
                  | Dex+3}
 13264 | D:9      | HP: 13/76 [death yak (14)]
 13270 | D:9      | HP: 7/76 [death yak (25)]
 13272 | D:9      | Mangled by a death yak

Vanquished Creatures
  A death yak (D:9)
  The ghost of Fastnbulbous the Frost Mage, a novice DsIE of Vehumet (D:8)
  A hornet (D:9)
  Prince Ribbit (D:6)
  Sigmund (D:5)
  A yak (D:9)
  2 wyverns
  Edmund (D:5)
  2 sky beasts (D:7)
  3 ice beasts
  2 phantoms
  5 ogres
  5 centaurs
  A big kobold (D:9)
  4 bullfrogs (D:7)
  A scorpion (D:4)
  6 killer bees (D:8)
  4 wights (D:6)
  6 howler monkeys
  A bullfrog zombie (D:5)
  4 hounds
  An iron imp (D:9)
  A bullfrog skeleton (D:9)
  6 orc priests
  4 jellies
  2 centaur skeletons (D:7)
  14 orc wizards
  6 worker ants
  A hound zombie (D:5)
  A hound skeleton (D:8)
  2 worker ant zombies
  8 adders
  2 shadow imps (D:7)
  2 white imps
  An ufetubus (D:5)
  An ooze (D:1)
  2 adder skeletons
  2 worms (D:3)
  7 dart slugs
  5 leopard geckos
  32 orcs
  2 ball pythons
  3 giant cockroaches
  9 goblins
  13 hobgoblins
  2 jackals (D:2)
  8 quokkas
  8 bats
  10 frilled lizards
  A jackal skeleton (D:5)
  6 kobolds
  A leopard gecko skeleton (D:5)
  A leopard gecko zombie (D:5)
  3 quokka zombies
  7 rats
227 creatures vanquished.

Vanquished Creatures (collateral kills)
  A centaur skeleton (D:4)
1 creature vanquished.

Grand Total: 228 creatures vanquished
